[Event "Vojvodina Open 2024-A 2024"]
[Site "Novi Sad"]
[Date "2024.06.29"]
[Round "7.1"]
[White "Manish Anto Cristiano F"]
[Black "Safarli, Eltaj"]
[Result "1/2-1/2"]
[ECO "C87"]
[WhiteElo "2307"]
[BlackElo "2595"]
[Annotator "TA"]
[PlyCount "53"]
[EventDate "2024.06.03"]
[EventType "swiss"]
[EventCountry "SRB"]
[SourceTitle "playchess.com"]
[Source "ChessBase"]
[SourceQuality "1"]
[TimeControl "40/5400+30:900+30"]

1. e4 e5 2. Nf3 Nc6 3. Bb5 a6 4. Ba4 Nf6 5. O-O Be7 6. Re1 d6 7. c3 Bg4 8. h3 Bh5 9. Bxc6+ bxc6 10. d4 exd4 11. cxd4 {[%emt 0:00:10] White has an edge.} O-O 12. Nc3 Rb8 13. Qd3 a5 14. b3 Re8 15. Bd2 Nd7 16. Ne2 Ra8 17. g4 Bg6 18. Nf4 c5 19. Nxg6 hxg6 {[%emt 0:00:05] The position is equal.} 20. Bc3 Bf6 21. Rac1 cxd4 22. Bxd4 Bxd4 23. Qxd4 Nc5 24. e5 Ne6 25. Qd2 dxe5 26. Qxd8 Rexd8 27. Rxe5 {[%emt 0:00:38] Weighted Error Value: White=0.05 (flawless) /Black=0.05 (flawless) .  Inaccurate:     	White=2     	Black=1      OK:         	White=10    	Black=6      Best:        	---       	Black=1} 1/2-1/2

[Event "Vojvodina Open 2024-A 2024"]
[Site "Novi Sad"]
[Date "2024.06.29"]
[Round "7.2"]
[White "Sedlak, Nikola"]
[Black "Antic, Dejan"]
[Result "1-0"]
[ECO "D32"]
[WhiteElo "2426"]
[BlackElo "2353"]
[Annotator "RC"]
[PlyCount "45"]
[EventDate "2024.06.03"]
[EventType "swiss"]
[EventCountry "SRB"]
[SourceTitle "playchess.com"]
[Source "ChessBase"]
[SourceQuality "1"]
[TimeControl "40/5400+30:900+30"]

1. Nf3 Nf6 2. c4 e6 3. Nc3 d5 4. e3 Be7 5. b3 O-O 6. Bb2 c5 7. d4 Nc6 8. cxd5 exd5 9. Be2 Bg4 10. dxc5 Bxc5 11. O-O a6 12. Rc1 Bd6 13. Nd4 Bd7 14. Bf3 Ne5 15. Nxd5 Nfg4 16. Nf4 g5 17. Nfe6 Nxf3+ 18. Qxf3 Nxh2 19. Qd5 Nf3+ 20. Nxf3 Bxe6 21. Qd4 f6 22. Rfd1 Be5 23. Qe4 1-0

[Event "Vojvodina Open 2024-A 2024"]
[Site "Novi Sad"]
[Date "2024.06.29"]
[Round "7.3"]
[White "Kushagra Mohan"]
[Black "Harshavardhan G B"]
[Result "0-1"]
[ECO "B67"]
[WhiteElo "2367"]
[BlackElo "2433"]
[Annotator "TA"]
[PlyCount "112"]
[EventDate "2024.06.03"]
[EventType "swiss"]
[EventCountry "SRB"]
[SourceTitle "playchess.com"]
[Source "ChessBase"]
[SourceQuality "1"]
[TimeControl "40/5400+30:900+30"]

1. e4 c5 2. Nf3 d6 3. d4 cxd4 4. Nxd4 Nf6 5. Nc3 Nc6 6. Bg5 e6 7. Qd2 a6 8. O-O-O Bd7 9. Kb1 Be7 {[%emt 0:00:12] 9...Nxd4 gains popularity. B67: Sicilian: Richter-Rauzer: 7...a6 8 0-0-0 Bd7, lines without 9 f4 Be7.} 10. Nxc6 Bxc6 11. f3 Qc7 12. h4 h6 13. Be3 h5 14. Qf2 b5 15. Bd3 Nd7 16. Bd4 $146 ({Predecessor:} 16. Bg5 Nc5 17. Bxe7 Qxe7 18. Rd2 O-O 19. Ne2 e5 20. Ng3 g6 21. Nf1 f5 22. exf5 Nxd3 23. Rxd3 Rxf5 {1-0 Renet,O (2530)-Bologan,V (2540) Belfort 1995 (2)}) 16... Ne5 17. Qg3 Bf6 (17... Kf8 {is more appropriate.}) 18. f4 Ng4 19. Bxf6 gxf6 20. f5 O-O-O (20... b4 $5 21. Ne2 $8 e5 $15) 21. fxe6 fxe6 22. Rhf1 Qb6 23. Rde1 Rhg8 24. Qf4 Qc5 25. g3 Kb7 26. Nd1 Rdf8 27. Re2 (27. Nf2 {with more complications.} e5 28. Qf5 Ne3 29. Qh7+) 27... Rg6 28. Nf2 Ne5 29. Rd2 Rfg8 30. Be2 R8g7 31. Nd3 Nxd3 32. Rxd3 e5 33. Qd2 Rxg3 34. Rxd6 Bxe4 35. Rdxf6 Rc7 36. Bd3 Bxd3 37. cxd3 Rg1 38. a3 Rc6 39. Rf7+ Kb6 40. Rxg1 Qxg1+ 41. Ka2 Qd4 42. Qf2 Qxf2 43. Rxf2 Kc5 44. Rf5 Kd4 45. Rxh5 $2 (45. Kb3 $11) 45... Re6 $1 $19 46. Rg5 Kxd3 47. h5 $2 (47. Rg3+ Ke4 48. h5) 47... e4 $19 48. Rg6 Re8 49. Kb3 e3 50. Rd6+ {[%emt 0:00:26] [#]} Ke2 $1 (50... Ke4 51. Kc2 $11) 51. h6 Kf3 52. Rf6+ Kg4 53. Rg6+ Kf4 54. Rf6+ Kg5 55. Rf1 e2 ({Stronger than} 55... Kxh6 56. Kc2 $11) 56. Re1 Kf4 ({Weaker is} 56... Kxh6 57. Kc2 $11) 0-1

[Event "Vojvodina Open 2024-A 2024"]
[Site "Novi Sad"]
[Date "2024.06.29"]
[Round "7.4"]
[White "Durucay, Uygar"]
[Black "Drazic, Sinisa"]
[Result "1/2-1/2"]
[ECO "A41"]
[WhiteElo "2026"]
[BlackElo "2263"]
[Annotator "RC"]
[PlyCount "121"]
[EventDate "2024.06.03"]
[EventType "swiss"]
[EventCountry "SRB"]
[SourceTitle "playchess.com"]
[Source "ChessBase"]
[SourceQuality "1"]
[TimeControl "40/5400+30:900+30"]

1. d4 d6 2. Nf3 Bg4 3. e4 Nf6 4. Bd3 e6 5. Bg5 Be7 6. c3 d5 7. Bxf6 Bxf6 8. Nbd2 c6 9. Qc2 Bxf3 10. Nxf3 dxe4 11. Bxe4 Nd7 12. O-O Qc7 13. Rfe1 g6 14. Rad1 O-O 15. g3 Rfe8 16. Nd2 Rad8 17. Nc4 b5 18. Ne3 Nb6 19. Qe2 Bg7 20. Bg2 h5 21. h4 a6 22. Qf3 Nd5 23. g4 hxg4 24. Nxg4 e5 25. dxe5 Bxe5 26. h5 Bg7 27. h6 Bh8 28. Ne3 Kh7 29. Nxd5 Rxe1+ 30. Rxe1 cxd5 31. Qe3 d4 32. cxd4 Bxd4 33. Qg5 Bxb2 34. Bd5 f6 35. Qg2 Be5 36. Be4 Qf7 37. Bc2 Kxh6 38. Re3 Kg7 39. Rh3 f5 40. Qh1 Qc4 41. Rh7+ Kf6 42. Qb7 Kg5 43. Qh1 Qg4+ 44. Kf1 Qc4+ 45. Kg1 Kf6 46. Qb7 Kg5 47. Qh1 Qg4+ 48. Kf1 Qc4+ 49. Kg1 Kf6 50. Qb7 Qg4+ 51. Kf1 Qc4+ 52. Kg1 Kg5 53. Qh1 Qg4+ 54. Kf1 Rd1+ 55. Bxd1 Qxd1+ 56. Kg2 Qg4+ 57. Kf1 Qd1+ 58. Kg2 Qd5+ 59. Kg1 Qd1+ 60. Kg2 Qg4+ 61. Kf1 1/2-1/2

[Event "Vojvodina Open 2024-A 2024"]
[Site "Novi Sad"]
[Date "2024.06.29"]
[Round "7.5"]
[White "Narayanan, Srinath"]
[Black "Tippa, Aswath Srisai"]
[Result "1/2-1/2"]
[ECO "D52"]
[WhiteElo "2533"]
[BlackElo "1647"]
[Annotator "TA"]
[PlyCount "135"]
[EventDate "2024.06.03"]
[EventType "swiss"]
[EventCountry "SRB"]
[SourceTitle "playchess.com"]
[Source "ChessBase"]
[SourceQuality "1"]
[TimeControl "40/5400+30:900+30"]

1. d4 d5 2. c4 e6 3. Nc3 Nf6 4. Nf3 c6 5. Bg5 Nbd7 6. e3 Qa5 7. Nd2 Bb4 8. Qc2 O-O 9. Be2 c5 10. Bf4 cxd4 11. exd4 dxc4 12. Nxc4 Qf5 13. Qxf5 exf5 14. O-O Bxc3 15. bxc3 Nd5 16. Bd2 N7f6 17. f3 {[%emt 0:04:15] Against Ne4} b6 18. Nd6 Rd8 19. Nxc8 Raxc8 20. c4 Nc7 21. Be3 b5 22. Bf2 bxc4 23. Bxc4 Ne6 24. Rac1 g5 25. Rfd1 Nd5 26. h4 h6 27. hxg5 hxg5 28. Bxd5 {[%emt 0:00:02] A strong pair of Bishops.} Rxc1 29. Rxc1 Rxd5 $11 {[%emt 0:00:09][%mdl 4096] Endgame. KRB-KRN} 30. Rc8+ Kg7 31. Rc4 Rb5 32. a4 Rb1+ 33. Kh2 Rd1 34. d5 Rxd5 35. Bxa7 Rd2 36. Be3 Ra2 37. Kg1 Kg6 38. Kf1 Ra1+ 39. Kf2 Ra2+ 40. Kg1 Ra1+ 41. Kh2 Ra2 42. Bc1 Kh5 43. Be3 {[%emt 0:00:52] The position is equal.} Kg6 44. Kg1 Kh5 45. g3 Ra1+ 46. Kf2 Ra2+ 47. Ke1 Ra3 48. Ke2 Ra2+ 49. Ke1 Ra3 50. Kd2 Kg6 51. Bb6 {[%emt 0:02:55] Strongly threatening a5.} f4 52. g4 Rxf3 53. Rc3 Rxc3 54. Kxc3 {[%emt 0:00:01] [#] Threatens to win with a5. KB-KN} f3 ({Don't blunder} 54... f5 $2 55. a5 f3 (55... fxg4 $2 56. a6 $18) 56. Kd2 $18 (56. gxf5+ Kxf5 57. Kd2 f2 $11)) 55. a5 {[%emt 0:01:53] Hoping for Kd3.} Nc7 56. Kd2 (56. Bxc7 $2 {is the wrong capture.} f2 57. Kd4 f1=Q $19 (57... f1=B 58. Ke3 $11)) 56... Na6 57. Ke3 f5 58. Kxf3 Kf6 59. Bd8+ Ke6 60. Bxg5 fxg4+ 61. Kxg4 Kd6 62. Bd2 Kc6 63. Kf5 Kb5 64. Ke6 Nc5+ 65. Kd5 Nb3 66. Bc3 Nxa5 67. Bxa5 Kxa5 68. Ke4 {[%emt 0:00:34] Weighted Error Value: White=0.06 (flawless) /Black=0.05 (flawless) .  Inaccurate:     	White=3     	Black=4      OK:         	White=25    	Black=32     Best:        	White=2     	Black=1} 1/2-1/2

[Event "Vojvodina Open 2024-A 2024"]
[Site "Novi Sad"]
[Date "2024.06.29"]
[Round "7.6"]
[White "Masic, Predrag"]
[Black "Bryakin, Mikhail"]
[Result "1/2-1/2"]
[ECO "A37"]
[WhiteElo "2176"]
[BlackElo "2469"]
[Annotator "TA"]
[PlyCount "122"]
[EventDate "2024.06.03"]
[EventType "swiss"]
[EventCountry "SRB"]
[SourceTitle "playchess.com"]
[Source "ChessBase"]
[SourceQuality "1"]
[TimeControl "40/5400+30:900+30"]

1. e4 c5 2. Nf3 g6 3. g3 Bg7 4. Bg2 Nc6 5. O-O e5 6. d3 Nge7 7. c4 d6 8. Nc3 O-O 9. a3 f5 {[%emt 0:00:44] A37: Symmetrical English vs ...g6: 4 Bg2 Bg7 5 Nf3.} 10. exf5 Bxf5 11. Ng5 h6 $146 ({Predecessor:} 11... Qd7 12. Be3 Rad8 13. Qd2 b6 14. Rae1 h6 15. Nge4 Kh7 16. f4 Bh3 17. Nd5 Bxg2 18. Qxg2 Nxd5 19. cxd5 {0-1 Werner,H (2124)-Harshavardhan,G (2433) Teplice op 17th 2024 (4)}) 12. Nge4 a6 13. Rb1 Qd7 14. b4 cxb4 15. axb4 Bh3 16. Be3 Bxg2 17. Kxg2 b5 18. Qb3 bxc4 19. dxc4 Nd4 20. Bxd4 exd4 21. c5+ d5 22. Na4 Rab8 23. Nb6 Qc6 24. Rbe1 Kh7 25. Ng5+ hxg5 26. Rxe7 Rf5 27. Qd3 (27. Nd7 Rd8 28. Nb6 (28. g4 Rf4 $15) 28... a5 $16) 27... Qf6 28. Re2 Rb7 (28... Qf7 $142 29. f3 (29. Qxa6 Rf3 $16) 29... Re8) 29. Qxa6 Rf7 30. Qb5 g4 31. Nd7 (31. Kg1 $1 $18) 31... Qg5 $16 32. c6 Rf3 33. c7 $1 Rc3 34. Nc5 Qf5 35. Ne6 (35. Qb8 $16 Rxc7 36. Qxc7 Qf3+ 37. Kg1 Qxe2 38. Qf7) 35... d3 $11 36. Re3 Bh6 $1 37. Nd4 $2 (37. f4 $11 gxf3+ 38. Rexf3 Rc2+ 39. Kh1 (39. Kg1 $2 Be3+ 40. Kh1 Qe4 $19)) 37... Qf6 $2 ({Black should try} 37... Qh5 $1 $19 38. Ree1 (38. Rxd3 $2 Rxf2+ 39. Rxf2 Qh3+ 40. Kg1 Rc1+ $19) 38... Rfxc7) 38. Rxd3 $16 (38. Qxd5 $2 Bxe3 $19) 38... Rcxc7 39. Kg1 $2 (39. Qxd5 $16 {and life is bright. b5 would now be deadly.} Rfe7 40. Nb5) 39... Rc1 $19 40. f4 $2 (40. Qxd5 $2 Rxf1+ 41. Kxf1 Qxf2#) (40. Nf3 Rxf1+ (40... gxf3 41. Rxc1 Bxc1 42. Qxd5 $17) 41. Kxf1) 40... gxf3 $2 (40... Bxf4 $19 41. Rxc1 (41. gxf4 $2 Rxf1+ 42. Kxf1 Qxf4+ $19) 41... Bxc1) 41. Nxf3 (41. Qxd5 $14 f2+ 42. Kg2 Rxf1 43. Kxf1) 41... Rfc7 (41... Rxf1+ $11 42. Kxf1 Qe6) 42. Qxd5 $14 Qb2 43. Rxc1 Qxc1+ (43... Rxc1+ $14 44. Rd1 Rxd1+ 45. Qxd1 Qxb4) 44. Kg2 (44. Rd1 $18 Qc3 45. Qe5 Qe3+ 46. Kg2 (46. Qxe3 Bxe3+ 47. Kg2 Rc2+ 48. Kh3 Bh6 $18) 46... Rc2+ 47. Kh3 Qxe5 (47... Qxf3 $2 48. Rd7+ Kg8 49. Qe8+ Qf8 50. Qxg6+ Bg7 51. Qxc2 $18) 48. Nxe5) 44... Re7 (44... Qb2+ $14 45. Kh3 Qxb4) 45. Qa2 (45. Rd4 $18) 45... Be3 $2 (45... Rc7 $1 $14 46. Qd5 Qb2+ 47. Kh3 Qxb4) 46. Qe2 $2 ({White should play} 46. Rd8 $18 Qc3 47. h4 (47. Qg8+ Kh6 $16)) 46... Qc4 (46... Bc5 $1 $14 47. Qa2 Bxb4) 47. Qd1 (47. h4 $1 $18) 47... Kh6 $2 ({Better is} 47... Qxb4 $14 48. h4 Qe4) 48. Qb3 Qc1 $2 (48... Qxb3 49. Rxb3 Re4) 49. Rd1 $2 (49. Rc3) 49... Qc6 50. b5 Qb6 51. Qd5 Bc5 $2 (51... Qc5 52. Qd3 Kh7) 52. Rd2 $2 (52. Rc1 $18) 52... Qxb5 $14 53. Rc2 Rc7 $2 (53... Re2+ $14 54. Rxe2 Qxe2+ 55. Kh3 Be7) 54. Qg5+ $18 Kh7 {[%emt 0:00:06] [#]} 55. Ne5 $2 (55. Qe5 $1 $18 {[%cal Re5c7] is the precise move to win.} Qc6 56. Rxc5 Qxc5 57. Ng5+ Kh6 58. Nf7+ Rxf7 59. Qxc5) 55... Qb7+ 56. Kh3 Qb6 {[%emt 0:00:58] [#]} 57. Rxc5 $2 (57. Ng4 $1 $18 {[%mdl 512] aiming for Nf6+.} Kg8 58. Qd5+ Kf8 59. Rd2) 57... Qxc5 $11 (57... Rxc5 $2 {too greedy.} 58. Qe7+ Kh8 59. Qf8+ (59. Nxg6+ Kg8 $11) 59... Kh7 60. Qf7+ Kh8 61. Nxg6+ $18) 58. Qxg6+ Kh8 59. Nf7+ Rxf7 60. Qxf7 Qc8+ $1 61. Kh4 Qg4+ 1/2-1/2

[Event "Vojvodina Open 2024-A 2024"]
[Site "Novi Sad"]
[Date "2024.06.29"]
[Round "7.7"]
[White "Ivanov, Mikhail M"]
[Black "Gur, Ali"]
[Result "1-0"]
[ECO "E11"]
[WhiteElo "2248"]
[BlackElo "1968"]
[Annotator "RC"]
[PlyCount "123"]
[EventDate "2024.06.03"]
[EventType "swiss"]
[EventCountry "SRB"]
[SourceTitle "playchess.com"]
[Source "ChessBase"]
[SourceQuality "1"]
[TimeControl "40/5400+30:900+30"]

1. d4 Nf6 2. c4 e6 3. g3 Bb4+ 4. Bd2 Bxd2+ 5. Qxd2 O-O 6. Bg2 d6 7. Nc3 Nbd7 8. Nf3 Qe7 9. O-O e5 10. e4 Nb6 11. b3 Bg4 12. Nh4 exd4 13. Qxd4 Qd7 14. Rfe1 Bh3 15. Bh1 Be6 16. Rad1 Rad8 17. c5 dxc5 18. Qxc5 Qc6 19. Qxc6 bxc6 20. Nf3 c5 21. Ne5 c4 22. b4 Ng4 23. Nc6 Rd3 24. Rxd3 cxd3 25. Rd1 Bc4 26. h3 Nh6 27. Bg2 Re8 28. Bf1 f5 29. e5 Re6 30. Nxa7 Rxe5 31. Bxd3 Bxd3 32. Rxd3 f4 33. gxf4 Re1+ 34. Kh2 Nf5 35. Rd1 Rxd1 36. Nxd1 Nd5 37. Nc6 Kf7 38. Ne3 Nfxe3 39. fxe3 Ke8 40. e4 Nc3 41. a3 Nxe4 42. Kg2 Kd7 43. Nd4 g6 44. Kf3 Nf6 45. a4 c6 46. a5 Nd5 47. a6 Kc7 48. a7 Nb6 49. Ne6+ Kb7 50. Nf8 Kxa7 51. Nxh7 Nd5 52. Nf8 Nxb4 53. Nxg6 Nd5 54. h4 Nf6 55. f5 c5 56. Ne5 Kb7 57. Kf4 Kc7 58. Kg5 Nh7+ 59. Kg6 Nf8+ 60. Kg7 Kd6 61. Nc4+ Kd5 62. Kxf8 1-0

[Event "Vojvodina Open 2024-A 2024"]
[Site "Novi Sad"]
[Date "2024.06.29"]
[Round "7.8"]
[White "Pranav K P"]
[Black "Leskur, Dejan"]
[Result "1-0"]
[ECO "E91"]
[WhiteElo "2223"]
[BlackElo "2227"]
[Annotator "RC"]
[PlyCount "90"]
[EventDate "2024.06.03"]
[EventType "swiss"]
[EventCountry "SRB"]
[SourceTitle "playchess.com"]
[Source "ChessBase"]
[SourceQuality "1"]
[TimeControl "40/5400+30:900+30"]

1. d4 Nf6 2. c4 c5 3. d5 g6 4. Nc3 Bg7 5. e4 d6 6. Be2 O-O 7. Nf3 e6 8. O-O Re8 9. h3 Na6 10. a3 Nc7 11. Rb1 exd5 12. exd5 Bf5 13. Bd3 Bxd3 14. Qxd3 a5 15. Bf4 Qd7 16. Rfe1 Rxe1+ 17. Rxe1 Re8 18. Rxe8+ Nfxe8 19. b3 b6 20. Na4 Na8 21. Nd2 Bd4 22. Nf3 Bg7 23. Nd2 Bd4 24. Qe2 Bg7 25. Ne4 Qe7 26. Kf1 Kf8 27. g4 Qd7 28. f3 Kg8 29. Ke1 Bf8 30. Kd1 Qe7 31. Bg5 Qd7 32. Nf6+ Nxf6 33. Bxf6 Qc8 34. f4 Qb8 35. Ba1 Bg7 36. Bxg7 Kxg7 37. Nc3 Qd8 38. Ne4 Nc7 39. a4 Ne8 40. Qb2+ f6 41. Ng5 Nc7 42. Ne6+ Nxe6 43. dxe6 d5 44. Qd2 d4 45. Qg2 f5 1-0

[Event "Vojvodina Open 2024-A 2024"]
[Site "Novi Sad"]
[Date "2024.06.29"]
[Round "7.9"]
[White "Kalinin, Alexander"]
[Black "Pranav Pradeep Nair"]
[Result "1-0"]
[ECO "B38"]
[WhiteElo "2459"]
[BlackElo "1818"]
[Annotator "TA"]
[PlyCount "107"]
[EventDate "2024.06.03"]
[EventType "swiss"]
[EventCountry "SRB"]
[SourceTitle "playchess.com"]
[Source "ChessBase"]
[SourceQuality "1"]
[TimeControl "40/5400+30:900+30"]

1. Nf3 c5 2. c4 g6 3. d4 cxd4 4. Nxd4 Nf6 5. Nc3 Bg7 6. e4 d6 7. Be2 O-O 8. O-O Nc6 9. Be3 Bd7 10. Nc2 Be6 11. f3 Nd7 12. Qd2 a5 {[%emt 0:06:17] The position is equal.} 13. Na3 Nb6 ({Black should try} 13... a4 $14) 14. Nd5 (14. f4 $142) 14... Na4 $16 15. Rab1 Nb4 16. Bd1 Bxd5 17. exd5 Nc5 18. b3 Qd7 19. Nb5 {[%emt 0:01:27] Strongly threatening a3.} Qf5 20. Be2 Qc2 21. Qxc2 Nxc2 22. Bf2 Bh6 23. f4 Ne4 {[%emt 0:02:28] [#]} (23... Nb4 $14) 24. Bd3 $1 Nxf2 25. Bxc2 Ng4 {[%emt 0:00:08] Black is weak on the light squares} 26. Rbe1 {[%emt 0:01:31][%cal Oh2h3] Wards off Ne3} a4 27. Rxe7 {[%emt 0:05:34] White is much more active.} Rfe8 28. Rxe8+ Rxe8 29. Nxd6 Re2 (29... Rb8 {was necessary.} 30. Nb5 (30. bxa4 Ne3 $18) 30... axb3 31. Bxb3 (31. axb3 Ne3 $18) 31... Bf8) 30. Bd1 $18 Rxa2 31. Bxg4 axb3 32. Bd1 ({Don't play} 32. Nxb7 b2 33. Bf3 f5 $18) 32... b2 33. Bc2 (33. Nxb7 $2 {is the wrong capture.} b1=Q (33... b1=R $2 34. d6 $19) 34. Bf3 Qxb7 $19) 33... Ra3 34. Nxb7 {[%emt 0:04:13] d6 is the strong threat.} Rc3 35. Bb1 Rxc4 36. g3 Rb4 37. Na5 Rd4 {[%emt 0:12:34] Prevents Rd1.} 38. Nc6 Rd2 39. Ba2 Bf8 40. Rb1 Bc5+ {[%emt 0:00:00] [#]} 41. Kf1 (41. Kh1 $1 $18 {is the precise move to win.}) 41... Rf2+ 42. Ke1 {[%emt 0:00:08][%cal Od5d6] Black must now prevent d6!} Rxh2 43. Ne5 Kg7 44. Rd1 Bf2+ (44... f5 $16 45. Nd3 Bd6) 45. Ke2 Bxg3+ 46. Kf3 Bh4 47. Bb1 {[%emt 0:04:16] Repels Rc2} (47. d6 $18) 47... f5 $2 {[%emt 0:07:51][%mdl 8192] Black cannot hold the game after this.} (47... Rh3+ $16 48. Ke2 Be7) 48. d6 Rh3+ 49. Ke2 Rc3 50. Rd2 Bf6 51. Rxb2 g5 52. Rb7+ {[%emt 0:00:23] White mates.} Kg8 53. Ba2+ Kh8 54. Rb8+ {[%emt 0:01:49] Weighted Error Value: White=0.15 (very precise) /Black=0.50.  Loses game:     	---       	Black=1      Mistake:       	White=3     	Black=4      Inaccurate:     	White=3     	Black=5      OK:         	White=17    	Black=14     Best:        	White=6     	Black=3      Strong:       	White=1     	---} 1-0

[Event "Vojvodina Open 2024-A 2024"]
[Site "Novi Sad"]
[Date "2024.06.29"]
[Round "7.11"]
[White "Yalcinkaya, Efe"]
[Black "Rupesh Reddy Y"]
[Result "0-1"]
[ECO "B90"]
[WhiteElo "2070"]
[BlackElo "1807"]
[Annotator "NA RC"]
[PlyCount "118"]
[EventDate "2024.06.03"]
[EventType "swiss"]
[EventCountry "SRB"]
[SourceTitle "playchess.com"]
[Source "ChessBase"]
[SourceQuality "1"]
[TimeControl "40/5400+30:900+30"]

1. e4 c5 2. Nf3 d6 3. d4 cxd4 4. Nxd4 Nf6 5. Nc3 a6 6. h3 h5 {[%emt 0:00:23] B90: Sicilian Najdorf: Unusual White 6th moves, 6 Be3 Ng4 and 6 Be3 e5.} 7. g3 e5 8. Nde2 Be6 9. Bg5 Be7 10. Bxf6 Bxf6 11. Nd5 Nc6 12. Bg2 Bxd5 13. Qxd5 Rc8 14. c3 Qb6 15. b3 Ne7 16. Qd3 O-O 17. O-O Rfd8 18. Rfd1 h4 19. g4 Bg5 20. c4 Qc5 21. a4 Qb6 22. a5 Qc5 23. Nc3 Nc6 24. Nd5 Nd4 25. Bf1 Ne6 26. b4 Qc6 27. Rab1 Qe8 28. Qa3 g6 29. b5 Nc5 30. bxa6 bxa6 31. f3 Qf8 32. Kg2 f5 33. Bd3 fxg4 34. fxg4 Qg7 35. Rb6 Qd7 36. Nb4 Rf8 ({Better is} 36... Kg7 $17 37. Be2 Nxe4) 37. Nxa6 Be3 38. Rf1 (38. Nxc5 {is a self mate.} Rf2+ 39. Kh1 Qf7 (39... Rxc5 40. a6 $11)) 38... Bd4 39. Nxc5 Bxc5 40. Qa2 Rxf1 41. Bxf1 Rf8 42. Rb3 Qf7 43. Qe2 Qf2+ 44. Qxf2 Rxf2+ 45. Kh1 Rxf1+ $11 46. Kg2 Rf2+ 47. Kh1 Ra2 48. Rb5 Kf7 49. g5 Ra4 50. a6 Rxa6 51. Kg2 Ra7 52. Kh1 Rc7 53. Kg2 Bd4 54. Rb4 Ke6 55. Ra4 Be3 56. Rb4 Bxg5 57. Kf3 Bd2 58. Ra4 Rf7+ 59. Ke2 Bg5 0-1

[Event "Vojvodina Open 2024-A 2024"]
[Site "Novi Sad"]
[Date "2024.06.29"]
[Round "7.12"]
[White "Ashvath Mittal"]
[Black "Ljepic, Andrej"]
[Result "1-0"]
[ECO "B39"]
[WhiteElo "1986"]
[BlackElo "2267"]
[Annotator "RC"]
[PlyCount "125"]
[EventDate "2024.06.03"]
[EventType "swiss"]
[EventCountry "SRB"]
[SourceTitle "playchess.com"]
[Source "ChessBase"]
[SourceQuality "1"]
[TimeControl "40/5400+30:900+30"]

1. e4 c5 2. Nf3 Nc6 3. d4 cxd4 4. Nxd4 g6 5. c4 Bg7 6. Be3 Nf6 7. Nc3 Ng4 8. Qxg4 Nxd4 9. Qd1 Ne6 10. Qd2 Qa5 11. Bd3 Bxc3 12. bxc3 b6 13. O-O Ba6 14. Rfd1 d6 15. f4 Rc8 16. f5 Nf8 17. Bd4 f6 18. Kh1 Bxc4 19. Bc2 Qa6 20. Re1 g5 21. Bxf6 exf6 22. Qxd6 Nd7 23. e5 Qb5 24. exf6+ Kd8 25. Rad1 Rc5 26. Qb8+ Rc8 27. Qd6 Rc5 28. f7 Rd5 29. Rxd5 Bxd5 30. Rd1 Bxg2+ 31. Kg1 Kc8 32. Qd4 Ne5 33. Kxg2 Qe2+ 34. Qf2 Qxf2+ 35. Kxf2 Nxf7 36. Bb3 Nh6 37. Be6+ Kc7 38. Kg3 Rf8 39. Rd5 Kc6 40. c4 a6 41. a4 a5 42. h4 gxh4+ 43. Kxh4 Nf7 44. Bxf7 Rxf7 45. Kg5 Rg7+ 46. Kf4 Rf7 47. Re5 Kd6 48. Re6+ Kc5 49. f6 Rb7 50. Re7 Rb8 51. f7 Rf8 52. Kg5 Kxc4 53. Kf6 b5 54. Re4+ Kd3 55. Re5 b4 56. Rxa5 b3 57. Rb5 Kc4 58. Kg7 Ra8 59. f8=Q Rxf8 60. Kxf8 h5 61. Rxh5 Kb4 62. a5 b2 63. Rh1 1-0

[Event "Vojvodina Open 2024-A 2024"]
[Site "Novi Sad"]
[Date "2024.06.29"]
[Round "7.13"]
[White "Sakmak, Kutay"]
[Black "Popchev, Milko"]
[Result "1-0"]
[ECO "C41"]
[WhiteElo "1993"]
[BlackElo "2159"]
[Annotator "RC"]
[PlyCount "115"]
[EventDate "2024.06.03"]
[EventType "swiss"]
[EventCountry "SRB"]
[SourceTitle "playchess.com"]
[Source "ChessBase"]
[SourceQuality "1"]
[TimeControl "40/5400+30:900+30"]

1. e4 e5 2. Nf3 d6 3. d4 exd4 4. Qxd4 Nf6 5. Nc3 Be7 6. Bf4 O-O 7. O-O-O Nc6 8. Qd2 Nd7 9. Nd5 Nb6 10. Bb5 Bg4 11. Ne3 Bxf3 12. gxf3 Bf6 13. c3 Ne5 14. Be2 Bg5 15. Nf5 Bxf4 16. Qxf4 Kh8 17. Rdg1 g6 18. Qh6 Rg8 19. Ne3 Qf8 20. Qf4 f6 21. h4 Qf7 22. Kb1 Raf8 23. h5 g5 24. Qh2 Nbc4 25. Nf1 f5 26. f4 gxf4 27. Rxg8+ Rxg8 28. Qxf4 Rf8 29. b3 Nb6 30. Ne3 fxe4 31. Qxe4 c6 32. Qd4 Qf6 33. Rd1 d5 34. h6 Ng6 35. Ng4 Qxd4 36. cxd4 Nc8 37. Bd3 Nf4 38. Bc2 Ne6 39. Kb2 Nd6 40. Re1 Nxd4 41. Re7 Rf7 42. Re5 Kg8 43. Rg5+ Kf8 44. Bb1 Ne6 45. Rh5 Ke7 46. f3 Nf4 47. Rg5 Kf8 48. Ne5 Re7 49. Ng4 d4 50. Nf6 Re2+ 51. Kc1 Rh2 52. Nxh7+ Ke7 53. Rg7+ Kd8 54. Nf6 Rh1+ 55. Kb2 Rh2+ 56. Ka1 Nb5 57. h7 d3 58. Ne4 1-0

[Event "Vojvodina Open 2024-A 2024"]
[Site "Novi Sad"]
[Date "2024.06.29"]
[Round "7.14"]
[White "Pasa, Ahmet"]
[Black "Arvind Ramnath Iyer"]
[Result "1-0"]
[ECO "B27"]
[WhiteElo "2056"]
[BlackElo "1872"]
[Annotator "RC"]
[PlyCount "85"]
[EventDate "2024.06.03"]
[EventType "swiss"]
[EventCountry "SRB"]
[SourceTitle "playchess.com"]
[Source "ChessBase"]
[SourceQuality "1"]
[TimeControl "40/5400+30:900+30"]

1. e4 c5 2. Nc3 g6 3. d4 cxd4 4. Qxd4 Nf6 5. Nf3 Nc6 6. Qa4 d6 7. e5 dxe5 8. Nxe5 Bg7 9. Bb5 O-O 10. Nxc6 bxc6 11. Bxc6 Rb8 12. O-O Qc7 13. Bf3 Bd7 14. Qa3 Bf5 15. Bg5 Rfc8 16. Rac1 h6 17. Bh4 Qb6 18. Bxf6 Bxf6 19. Nd5 Qxb2 20. Nxe7+ Bxe7 21. Qxe7 Be6 22. Qxa7 Qxa2 23. Qxa2 Bxa2 24. Be2 Rc3 25. Bd3 Rbc8 26. Rfd1 Bb3 27. Rd2 Rd8 28. Rcd1 Ba4 29. Be4 Rdc8 30. Rd8+ Rxd8 31. Rxd8+ Kg7 32. Rd2 Bb5 33. f3 f5 34. Bd3 Ba4 35. Kf2 Kf6 36. Re2 g5 37. Ke3 f4+ 38. Kd4 Rc7 39. c4 h5 40. Ra2 Rd7+ 41. Kc3 Bd1 42. Ra6+ Ke7 43. Ra1 1-0

[Event "Vojvodina Open 2024-A 2024"]
[Site "Novi Sad"]
[Date "2024.06.29"]
[Round "7.15"]
[White "Prieb, Robert"]
[Black "Sahbudak, Baris Cinar"]
[Result "0-1"]
[ECO "A34"]
[WhiteElo "2137"]
[BlackElo "1941"]
[Annotator "RC"]
[PlyCount "36"]
[EventDate "2024.06.03"]
[EventType "swiss"]
[EventCountry "SRB"]
[SourceTitle "playchess.com"]
[Source "ChessBase"]
[SourceQuality "1"]
[TimeControl "40/5400+30:900+30"]

1. Nf3 c5 2. c4 g6 3. Nc3 Bg7 4. e3 Nf6 5. b3 d5 6. d4 Nc6 7. h3 Ne4 8. Bb2 Qa5 9. Rc1 cxd4 10. Nxd4 O-O 11. cxd5 Nxd4 12. exd4 Bh6 13. Rc2 Bf5 14. Bd3 Rac8 15. Qa1 Nxc3 16. Bxc3 Bxd3 17. Bxa5 Rxc2 18. Kd1 Rfc8 0-1